[ AOE2 MATCH · #507378801 ]
UnrankedGoths vs Huns
Player's team · WIN
Rival team · LOSS
[ REPLAY ANALYSIS · EXTRACTED FROM THE RECORDED GAME ]
Feudal
9:20
Castle
27:14
Imperial
—
| APM avg | 42.1 |
| APM peak | 67 |
| eAPM avg | 22.6 |
| Villagers / military | 60 / 29 |
Focus
⚔️ 36.5% · 🌾 63.5%
Archer ×18 · Skirmisher ×8 · Militia ×3
Feudal
9:44
Castle
—
Imperial
—
| APM avg | 55.7 |
| APM peak | 90 |
| eAPM avg | 22.3 |
| Villagers / military | 43 / 26 |
Focus
⚔️ 38.5% · 🌾 61.5%
Militia ×26
Match map
Initial resources + every placement click. Lines = walls · curves = elevation contours. ◆ gold · ⬟ stone · ● berries · ✦ relic · ◌ wall gap
Your base· Open — 4t gap
JawolopingChris's base· Open — unwalled flank
Smoothed initial terrain · ◌ = detected wall gap · hover for details
Inputs per minute
— MooN | Lunatico - - JawolopingChris
Build order — MooN | Lunatico
First 150 of 162 actions detected
| 0:01 | Create | Villager (Male) |
| 0:01 | Create | Villager (Male) |
| 0:03 | Build | House |
| 0:05 | Build | House |
| 0:07 | Research | Loom |
| 0:10 | Create | Villager (Male) |
| 0:10 | Create | Villager (Male) |
| 0:11 | Create | Villager (Male) |
| 1:35 | Create | Villager (Male) |
| 1:55 | Build | Lumber Camp |
| 2:02 | Create | Villager (Male) |
| 2:04 | Create | Villager (Male) |
| 2:46 | Create | Villager (Male) |
| 3:06 | Create | Villager (Male) |
| 3:36 | Create | Villager (Male) |
| 3:38 | Create | Villager (Male) |
| 3:59 | Build | House |
| 4:27 | Create | Villager (Male) |
| 4:48 | Create | Villager (Male) |
| 4:59 | Create | Villager (Male) |
| 5:12 | Create | Villager (Male) |
| 5:25 | Create | Villager (Male) |
| 5:48 | Create | Villager (Male) |
| 6:08 | Create | Villager (Male) |
| 6:17 | Build | Barracks |
| 6:32 | Build | House |
| 7:02 | Build | Mining Camp |
| 7:10 | Research | Feudal Age |
| 7:18 | Create | Militia |
| 7:25 | Build | House |
| 7:35 | Create | Militia |
| 8:00 | Create | Militia |
| 8:58 | Create | Villager (Male) |
| 9:00 | Build | Mill |
| 9:20 | Age | Feudal Age |
| 9:23 | Create | Villager (Male) |
| 9:27 | Research | Man-at-Arms (upgrade) |
| 9:44 | Create | Villager (Male) |
| 9:46 | Build | Archery Range |
| 9:53 | Research | Double-Bit Axe |
| 10:23 | Create | Villager (Male) |
| 10:31 | Build | House |
| 10:39 | Create | Villager (Male) |
| 10:43 | Build | Palisade Wall |
| 10:45 | Build | Palisade Wall |
| 10:47 | Build | Palisade Wall |
| 10:54 | Create | Villager (Male) |
| 10:57 | Create | Skirmisher |
| 10:57 | Create | Skirmisher |
| 11:03 | Create | Villager (Male) |
| 11:05 | Build | House |
| 11:08 | Build | House |
| 11:15 | Create | Skirmisher |
| 11:30 | Create | Skirmisher |
| 11:48 | Create | Villager (Male) |
| 11:58 | Build | Palisade Wall |
| 11:59 | Build | Palisade Wall |
| 12:05 | Create | Villager (Male) |
| 12:10 | Create | Skirmisher |
| 12:41 | Create | Skirmisher |
| 12:44 | Create | Villager (Male) |
| 12:48 | Build | Farm |
| 12:57 | Create | Villager (Male) |
| 13:14 | Create | Villager (Male) |
| 13:32 | Create | Villager (Male) |
| 13:42 | Create | Villager (Male) |
| 13:47 | Build | Palisade Wall |
| 13:56 | Build | Farm |
| 13:57 | Build | Farm |
| 14:12 | Build | House |
| 14:14 | Build | Lumber Camp |
| 14:47 | Create | Skirmisher |
| 15:15 | Build | Palisade Wall |
| 15:18 | Build | Farm |
| 15:21 | Create | Skirmisher |
| 15:48 | Create | Villager (Male) |
| 15:49 | Build | Farm |
| 15:50 | Build | Farm |
| 16:06 | Create | Archer |
| 16:10 | Build | Palisade Wall |
| 16:15 | Build | Farm |
| 16:15 | Create | Villager (Male) |
| 16:32 | Create | Villager (Male) |
| 16:43 | Build | Mining Camp |
| 16:45 | Create | Archer |
| 16:50 | Create | Villager (Male) |
| 17:07 | Create | Villager (Male) |
| 17:09 | Build | Farm |
| 17:30 | Create | Villager (Male) |
| 17:33 | Create | Archer |
| 17:47 | Build | Farm |
| 17:52 | Build | House |
| 18:03 | Research | Horse Collar |
| 18:09 | Build | Palisade Wall |
| 18:17 | Build | Palisade Wall |
| 18:23 | Create | Villager (Male) |
| 18:28 | Build | Blacksmith |
| 18:29 | Build | Palisade Wall |
| 18:49 | Create | Villager (Male) |
| 18:51 | Create | Archer |
| 18:51 | Create | Archer |
| 19:09 | Create | Villager (Male) |
| 19:11 | Create | Villager (Male) |
| 19:13 | Create | Archer |
| 19:21 | Create | Villager (Male) |
| 19:28 | Build | Farm |
| 19:54 | Research | Fletching |
| 19:55 | Create | Villager (Male) |
| 19:58 | Build | House |
| 20:05 | Create | Villager (Male) |
| 20:05 | Create | Archer |
| 20:12 | Build | Farm |
| 20:22 | Build | Palisade Gate |
| 20:30 | Build | House |
| 20:35 | Create | Villager (Male) |
| 20:38 | Create | Archer |
| 20:50 | Create | Villager (Male) |
| 20:57 | Build | Farm |
| 20:59 | Build | Farm |
| 21:00 | Create | Villager (Male) |
| 21:04 | Create | Villager (Male) |
| 21:08 | Build | Market |
| 21:31 | Create | Villager (Male) |
| 21:38 | Create | Villager (Male) |
| 21:40 | Create | Archer |
| 22:06 | Create | Archer |
| 22:08 | Create | Villager (Male) |
| 22:13 | Build | Farm |
| 22:14 | Build | Farm |
| 22:14 | Build | Farm |
| 22:39 | Create | Villager (Male) |
| 22:40 | Create | Archer |
| 22:40 | Create | Archer |
| 22:58 | Create | Villager (Male) |
| 23:01 | Create | Archer |
| 23:13 | Create | Archer |
| 23:28 | Create | Villager (Male) |
| 23:44 | Create | Villager (Male) |
| 23:53 | Create | Villager (Male) |
| 23:55 | Build | Farm |
| 23:55 | Build | Farm |
| 24:06 | Build | Farm |
| 24:08 | Build | House |
| 24:18 | Build | Farm |
| 24:34 | Research | Castle Age |
| 24:54 | Create | Archer |
| 24:55 | Create | Archer |
| 25:07 | Build | Archery Range |
| 25:21 | Research | Horse Collar |
| 25:31 | Build | House |
Build order — JawolopingChris
116 actions detected in the replay
| 0:01 | Create | Villager (Male) |
| 0:18 | Create | Villager (Male) |
| 0:18 | Create | Villager (Male) |
| 0:18 | Create | Villager (Male) |
| 1:12 | Create | Villager (Male) |
| 1:39 | Create | Villager (Male) |
| 1:39 | Create | Villager (Male) |
| 1:53 | Create | Villager (Male) |
| 2:30 | Create | Villager (Male) |
| 2:38 | Build | Lumber Camp |
| 2:52 | Create | Villager (Male) |
| 3:13 | Create | Villager (Male) |
| 3:13 | Create | Villager (Male) |
| 3:41 | Create | Villager (Male) |
| 4:01 | Create | Villager (Male) |
| 4:27 | Create | Villager (Male) |
| 5:23 | Create | Villager (Male) |
| 5:42 | Build | Mill |
| 5:47 | Create | Villager (Male) |
| 5:48 | Create | Villager (Male) |
| 6:27 | Create | Villager (Male) |
| 6:47 | Research | Loom |
| 7:30 | Build | Barracks |
| 7:34 | Research | Feudal Age |
| 7:40 | Build | Mining Camp |
| 7:59 | Create | Militia |
| 8:06 | Create | Militia |
| 8:38 | Create | Militia |
| 8:49 | Build | Palisade Wall |
| 9:00 | Build | Palisade Wall |
| 9:05 | Build | Palisade Wall |
| 9:13 | Create | Militia |
| 9:40 | Create | Villager (Male) |
| 9:44 | Age | Feudal Age |
| 9:45 | Research | Man-at-Arms (upgrade) |
| 10:08 | Build | Palisade Wall |
| 10:10 | Build | Palisade Wall |
| 10:17 | Build | Palisade Wall |
| 10:24 | Create | Militia |
| 10:27 | Create | Villager (Male) |
| 10:56 | Create | Villager (Male) |
| 10:57 | Create | Militia |
| 11:12 | Create | Militia |
| 11:25 | Create | Villager (Male) |
| 11:29 | Build | Lumber Camp |
| 11:37 | Create | Militia |
| 11:48 | Create | Militia |
| 12:20 | Create | Militia |
| 12:38 | Create | Villager (Male) |
| 13:10 | Create | Villager (Male) |
| 13:26 | Create | Villager (Male) |
| 14:19 | Create | Villager (Male) |
| 14:30 | Build | Farm |
| 14:42 | Build | Farm |
| 14:43 | Build | Farm |
| 14:53 | Build | Watch Tower |
| 14:58 | Create | Militia |
| 15:22 | Build | Farm |
| 15:55 | Build | Lumber Camp |
| 16:19 | Create | Militia |
| 16:19 | Create | Militia |
| 16:39 | Create | Villager (Male) |
| 16:39 | Create | Villager (Male) |
| 17:03 | Create | Villager (Male) |
| 17:09 | Create | Militia |
| 17:14 | Build | Farm |
| 17:15 | Build | Farm |
| 17:16 | Build | Farm |
| 17:17 | Build | Farm |
| 17:18 | Build | Farm |
| 17:18 | Build | Farm |
| 17:43 | Create | Villager (Male) |
| 17:45 | Build | Farm |
| 17:51 | Build | Blacksmith |
| 18:08 | Create | Villager (Male) |
| 18:14 | Build | Farm |
| 18:28 | Build | Farm |
| 18:46 | Create | Militia |
| 19:03 | Create | Villager (Male) |
| 19:12 | Create | Militia |
| 19:28 | Create | Villager (Male) |
| 19:31 | Build | Farm |
| 19:52 | Build | Farm |
| 19:59 | Build | Farm |
| 20:09 | Build | Stone Wall |
| 20:10 | Build | Stone Wall |
| 20:16 | Create | Militia |
| 20:22 | Create | Villager (Male) |
| 20:28 | Research | Scale Mail Armor |
| 20:41 | Build | Stone Wall |
| 20:47 | Create | Militia |
| 20:49 | Create | Villager (Male) |
| 20:58 | Build | Stone Wall |
| 21:03 | Build | Palisade Wall |
| 21:07 | Create | Militia |
| 21:11 | Create | Villager (Male) |
| 21:30 | Create | Militia |
| 21:45 | Create | Villager (Male) |
| 21:56 | Create | Villager (Male) |
| 22:06 | Create | Militia |
| 22:17 | Build | Market |
| 22:24 | Create | Militia |
| 22:53 | Create | Militia |
| 22:58 | Build | Mining Camp |
| 23:07 | Build | Palisade Wall |
| 23:49 | Create | Villager (Male) |
| 23:50 | Create | Militia |
| 23:58 | Build | Lumber Camp |
| 24:35 | Build | Mining Camp |
| 24:43 | Create | Villager (Male) |
| 25:23 | Create | Villager (Male) |
| 25:55 | Build | Watch Tower |
| 25:56 | Create | Militia |
| 26:19 | Create | Villager (Male) |
| 26:23 | Build | Market |
| 26:42 | Create | Militia |
Match timeline
| 6:17 | MooN | Lunatico · first_building Barracks |
| 7:30 | JawolopingChris · first_building Barracks |
| 8:49 | JawolopingChris · wall_segment Palisade Wall x1 |
| 9:00 | JawolopingChris · wall_segment Palisade Wall x1 |
| 9:05 | JawolopingChris · wall_segment Palisade Wall x1 |
| 9:20 | MooN | Lunatico · age_up feudal |
| 9:44 | JawolopingChris · age_up feudal |
| 9:46 | MooN | Lunatico · first_building Archery Range |
| 10:08 | JawolopingChris · wall_segment Palisade Wall x1 |
| 10:10 | JawolopingChris · wall_segment Palisade Wall x1 |
| 10:17 | JawolopingChris · wall_segment Palisade Wall x1 |
| 10:43 | MooN | Lunatico · wall_segment Palisade Wall x1 |
| 10:45 | MooN | Lunatico · wall_segment Palisade Wall x1 |
| 10:47 | MooN | Lunatico · wall_segment Palisade Wall x1 |
| 11:58 | MooN | Lunatico · wall_segment Palisade Wall x1 |
| 11:59 | MooN | Lunatico · wall_segment Palisade Wall x1 |
| 13:47 | MooN | Lunatico · wall_segment Palisade Wall x1 |
| 15:15 | MooN | Lunatico · wall_segment Palisade Wall x3 |
| 16:10 | MooN | Lunatico · wall_segment Palisade Wall x1 |
| 18:09 | MooN | Lunatico · wall_segment Palisade Wall x6 |
| 18:17 | MooN | Lunatico · wall_segment Palisade Wall x6 |
| 18:29 | MooN | Lunatico · wall_segment Palisade Wall x4 |
| 20:09 | JawolopingChris · wall_segment Stone Wall x7 |
| 20:10 | JawolopingChris · wall_segment Stone Wall x3 |
| 20:41 | JawolopingChris · wall_segment Stone Wall x3 |
| 20:58 | JawolopingChris · wall_segment Stone Wall x8 |
| 21:03 | JawolopingChris · wall_segment Palisade Wall x5 |
| 23:07 | JawolopingChris · wall_segment Palisade Wall x4 |
| 24:21 | MooN | Lunatico · first_market_sell 500 wood |
| 24:28 | MooN | Lunatico · first_market_buy 100 food |
| 27:14 | MooN | Lunatico · age_up castle |
| 27:16 | MooN | Lunatico · wall_segment Palisade Wall x1 |
| 27:24 | JawolopingChris · resign |
[ AI ANALYSIS · 1 CREDIT ]
What really happened in this match?
Wolo.gg analyzes every decision: build order, eco, micro, common mistakes by bracket. Personalized analysis on WhatsApp or Discord in 30 seconds.
Civ guide
Goths
Perfil
MooN | Lunatico